SL
DETROIT RENAISSANCE @ LOUISVILLE BC
07/14/2024
 
TOP OF THE 1ST
Detroit Renaissance batting - Pitching for Louisville BC : RHP John Woods
Pitching: RHP John Woods
Batting: RHB Ulbert Sutkamp 0-0: Ball
1-0: SINGLE (Line Drive, 6MD)
Batting: RHB Bernardo Herrera 0-0: Called Strike
Ulbert Sutkamp steals 2nd base
0-1: Ball
1-1: SINGLE (Groundball, 13) (infield hit)
Ulbert Sutkamp to third
Batting: LHB Mike Silver 0-0: Called Strike
0-1: Ball
1-1: Called Strike
1-2: Strikes out swinging
Batting: LHB Juan González 0-0: Foul Ball, location: 2F
0-1: Ball
1-1: Fly out, F7 (Line Drive, 7M)
Runner from 3rd tags up, SCORES, throw made
Batting: LHB Michael Neely 0-0: Fly out, F9 (Flyball, 9S)
Top of the 1st over - 1 run(s), 2 hit(s), 0 error(s), 1 left on base; Detroit 1 - Louisville 0
BOTTOM OF THE 1ST
Louisville BC batting - Pitching for Detroit Renaissance : RHP Kuemon Hirata
Pitching: RHP Kuemon Hirata
Batting: LHB Carroll Martin 0-0: Ball
1-0: Foul Ball, location: 2F
1-1: Ball
2-1: Fly out, F7 (Flyball, 7M)
Batting: LHB Joram Nelen 0-0: Ball
1-0: Foul Ball, location: 2F
1-1: Ground out 6-3 (Groundball, 6)
Batting: RHB Andrés Rodríguez 0-0: Swinging Strike
0-1: Ball
1-1: Fly out, F4 (Line Drive, 4)
Bottom of the 1st over - 0 run(s), 0 hit(s), 0 error(s), 0 left on base; Detroit 1 - Louisville 0
TOP OF THE 2ND
Detroit Renaissance batting - Pitching for Louisville BC : RHP John Woods
Batting: LHB Gregory Johnson 0-0: Ball
1-0: SINGLE (Groundball, 3D)
Batting: LHB Gustavo Cortéz Pickoff Throw to First - Error! E1
Gregory Johnson to second
0-0: Ball
1-0: Called Strike
1-1: Ball
2-1: Foul Ball, location: 2F
2-2: Hit by Pitch
Batting: LHB Tim Waters 0-0: Called Strike
0-1: Ball
1-1: Ball
2-1: Foul Ball, location: 2F
2-2: Ball
3-2: Base on Balls
Gregory Johnson to third
Gustavo Cortéz to second
Batting: RHB Eric D'Angle 0-0: Ball
1-0: Foul Ball, location: 2F
1-1: Foul Ball, location: 2F
1-2: Fly out, F8 (Line Drive, 8LM)
Runner from 3rd tags up, SCORES, no throw
Batting: RHB Ulbert Sutkamp 0-0: Ball
1-0: Ball
2-0: SINGLE (Line Drive, 56)
Gustavo Cortéz to third
Tim Waters to second
Runner from 3rd tries for Home, throw and OUT!
Tim Waters to third
Ulbert Sutkamp to second
Batting: RHB Bernardo Herrera 0-0: Ball
1-0: Ground out 5-3 (Groundball, 5)
Top of the 2nd over - 1 run(s), 2 hit(s), 1 error(s), 2 left on base; Detroit 2 - Louisville 0
BOTTOM OF THE 2ND
Louisville BC batting - Pitching for Detroit Renaissance : RHP Kuemon Hirata
Batting: RHB Chi-ju Zhang 0-0: Ball
1-0: Foul Ball, location: 2F
1-1: Ball
2-1: Ground out 4-3 (Groundball, 4M)
Batting: RHB Aurelio Vázquez 0-0: Ball
1-0: Foul Ball, location: 2F
1-1: Ball
2-1: SINGLE (Line Drive, 78S)
Batting: LHB Tim Hargrove 0-0: Ball
1-0: Ball
2-0: Called Strike
2-1: Ball
3-1: Base on Balls
Aurelio Vázquez to second
Batting: SHB Chris Williamson 0-0: Ball
1-0: Called Strike
1-1: Ball
Wild Pitch!
Aurelio Vázquez to third
Tim Hargrove to second
2-1: Ground out 1-3 (Groundball, 15)
Batting: LHB Arturo Acevedo 0-0: Ball
1-0: Called Strike
1-1: Ball
2-1: Foul Ball, location: 2F
2-2: Foul Ball, location: 2F
2-2: Foul Ball, location: 2F
2-2: Fly out, F8 (Flyball, 8LXD)
Bottom of the 2nd over - 0 run(s), 1 hit(s), 0 error(s), 2 left on base; Detroit 2 - Louisville 0
TOP OF THE 3RD
Detroit Renaissance batting - Pitching for Louisville BC : RHP John Woods
Batting: LHB Mike Silver 0-0: Ball
1-0: Foul Ball, location: 2F
1-1: Ball
2-1: Ball
3-1: Base on Balls
Batting: LHB Juan González 0-0: Ball
1-0: Swinging Strike
1-1: Swinging Strike
1-2: Strikes out swinging
Batting: LHB Michael Neely 0-0: Ball
1-0: Foul Ball, location: 2F
1-1: Ball
2-1: Ball
3-1: Base on Balls
Mike Silver to second
Batting: LHB Gregory Johnson 0-0: Ball
1-0: Fly out, F9 (Flyball, 9M)
Batting: LHB Gustavo Cortéz 0-0: Fielders Choice at 2nd, 6-4 (Groundball, 6)
Top of the 3rd over - 0 run(s), 0 hit(s), 0 error(s), 1 left on base; Detroit 2 - Louisville 0
BOTTOM OF THE 3RD
Louisville BC batting - Pitching for Detroit Renaissance : RHP Kuemon Hirata
Batting: RHB Micheal Murdoch 0-0: Ball
1-0: Called Strike
1-1: Ball
2-1: Ground out 5-3 (Groundball, 56S)
Batting: LHB Carroll Martin 0-0: Called Strike
0-1: Hit by Pitch
Batting: LHB Joram Nelen 0-0: Called Strike
0-1: Called Strike
0-2: Ball
1-2: Foul Ball, location: 2F
1-2: Strikes out looking
Batting: RHB Andrés Rodríguez 0-0: Ball
1-0: Ball
2-0: Called Strike
2-1: Foul Ball, location: 2F
2-2: SINGLE (Line Drive, 4D)
Carroll Martin to second
Runner from 2nd tries for 3rd, SAFE, no throw or cutoff
Batting: RHB Chi-ju Zhang 0-0: Ball
1-0: Ball
2-0: Ball
3-0: Base on Balls
Andrés Rodríguez to second
Batting: RHB Aurelio Vázquez 0-0: Ball
1-0: Ball
2-0: Ball
3-0: Called Strike
3-1: Base on Balls
Carroll Martin scores
Andrés Rodríguez to third
Chi-ju Zhang to second
Batting: LHB Tim Hargrove 0-0: Foul Ball, location: 2F
0-1: Called Strike
0-2: Fly out, F5 (Popup, 5DF)
Bottom of the 3rd over - 1 run(s), 1 hit(s), 0 error(s), 3 left on base; Detroit 2 - Louisville 1
TOP OF THE 4TH
Detroit Renaissance batting - Pitching for Louisville BC : RHP John Woods
Batting: LHB Tim Waters 0-0: Ball
1-0: Called Strike
1-1: Ball
2-1: Foul Ball, location: 2F
2-2: Ball
3-2: Ground out 1-3 (Groundball, 23)
Batting: RHB Eric D'Angle 0-0: Ball
1-0: Ball
2-0: Called Strike
2-1: Ball
3-1: Foul Ball, location: 2F
3-2: SINGLE (Line Drive, 7S)
Batting: RHB Ulbert Sutkamp 0-0: Ball
1-0: Ball
2-0: Called Strike
2-1: Ball
3-1: Foul Ball, location: 2F
3-2: Ground out 6-3 (Groundball, 6)
Eric D'Angle to second
Batting: RHB Bernardo Herrera 0-0: Foul Ball, location: 2F
0-1: Ball
1-1: Called Strike
1-2: Strikes out looking
Top of the 4th over - 0 run(s), 1 hit(s), 0 error(s), 1 left on base; Detroit 2 - Louisville 1
BOTTOM OF THE 4TH
Louisville BC batting - Pitching for Detroit Renaissance : RHP Kuemon Hirata
Batting: SHB Chris Williamson 0-0: SINGLE (Flyball, 89M)
Batting: LHB Arturo Acevedo 0-0: Ball
1-0: Called Strike
1-1: Swinging Strike
1-2: Fly out, F2 (Popup, 23F)
Batting: RHB Micheal Murdoch 0-0: Called Strike
Chris Williamson is caught stealing 2nd base
0-1: Ball
1-1: Ground out 5-3 (Groundball, 56)
Bottom of the 4th over - 0 run(s), 1 hit(s), 0 error(s), 0 left on base; Detroit 2 - Louisville 1
TOP OF THE 5TH
Detroit Renaissance batting - Pitching for Louisville BC : RHP John Woods
Batting: LHB Mike Silver 0-0: Swinging Strike
0-1: Ball
1-1: Foul Ball, location: 2F
1-2: Strikes out swinging
Batting: LHB Juan González 0-0: Swinging Strike
0-1: Ball
1-1: Ball
2-1: Ball
3-1: Foul Ball, location: 2F
3-2: Base on Balls
Batting: LHB Michael Neely 0-0: Ball
1-0: Foul Ball, location: 2F
1-1: Fly out, F8 (Flyball, 8RM)
Batting: LHB Gregory Johnson 0-0: Swinging Strike
0-1: Called Strike
0-2: Ground out 4-3 (Groundball, 4)
Top of the 5th over - 0 run(s), 0 hit(s), 0 error(s), 1 left on base; Detroit 2 - Louisville 1
BOTTOM OF THE 5TH
Louisville BC batting - Pitching for Detroit Renaissance : RHP Kuemon Hirata
Batting: LHB Carroll Martin 0-0: Foul Ball, location: 2F
0-1: Swinging Strike
0-2: Fly out, F4 (Popup, 4MD)
Batting: LHB Joram Nelen 0-0: Ball
1-0: Foul Ball, location: 2F
1-1: Fly out, F9 (Line Drive, 89S)
Batting: RHB Andrés Rodríguez 0-0: Ball
1-0: Ball
2-0: Foul Ball, location: 2F
2-1: Foul Ball, location: 2F
2-2: Foul Ball, location: 2F
2-2: Ball
3-2: Foul Ball, location: 2F
3-2: SINGLE (Line Drive, 6MD)
Batting: RHB Chi-ju Zhang 0-0: Ball
Andrés Rodríguez steals 2nd base
1-0: Ball
2-0: Foul Ball, location: 2F
2-1: Ground out 6-3 (Groundball, 6)
Bottom of the 5th over - 0 run(s), 1 hit(s), 0 error(s), 1 left on base; Detroit 2 - Louisville 1
TOP OF THE 6TH
Detroit Renaissance batting - Pitching for Louisville BC : RHP John Woods
Batting: LHB Gustavo Cortéz 0-0: Foul Ball, location: 2F
0-1: DOUBLE (Groundball, 3L)
Batting: LHB Tim Waters 0-0: Swinging Strike
0-1: Called Strike
0-2: Strikes out swinging
Batting: RHB Eric D'Angle 0-0: Intentional Walk
Pitching: RHP Boyd Craig
Batting: RHB Ulbert Sutkamp 0-0: Foul Ball, location: 2F
0-1: Fly out, F9 (Flyball, 89M)
Batting: RHB Bernardo Herrera 0-0: Called Strike
0-1: Ball
1-1: Foul Ball, location: 2F
1-2: Ball
2-2: Foul Ball, location: 2F
2-2: Fly out, F8 (Flyball, 78M)
Top of the 6th over - 0 run(s), 1 hit(s), 0 error(s), 2 left on base; Detroit 2 - Louisville 1
BOTTOM OF THE 6TH
Louisville BC batting - Pitching for Detroit Renaissance : RHP Kuemon Hirata
Batting: RHB Aurelio Vázquez 0-0: Ball
1-0: Called Strike
1-1: Ball
2-1: SOLO HOME RUN (Flyball, 7D), Distance : 390 ft
Batting: LHB Tim Hargrove 0-0: Foul Ball, location: 2F
0-1: Foul Ball, location: 2F
0-2: Foul Ball, location: 2F
0-2: Foul Ball, location: 2F
0-2: Ground out 3-1 (Groundball, 34)
Batting: SHB Chris Williamson 0-0: Called Strike
0-1: Foul Ball, location: 2F
0-2: Ball
1-2: Ball
2-2: Ball
3-2: Foul Ball, location: 2F
3-2: Strikes out swinging
Batting: LHB Arturo Acevedo 0-0: Ball
1-0: Foul Ball, location: 2F
1-1: Ball
2-1: Swinging Strike
2-2: Ground out 1-3 (Groundball, 15S)
Bottom of the 6th over - 1 run(s), 1 hit(s), 0 error(s), 0 left on base; Detroit 2 - Louisville 2
TOP OF THE 7TH
Detroit Renaissance batting - Pitching for Louisville BC : RHP Boyd Craig
Batting: LHB Mike Silver 0-0: Ball
1-0: Fly out, F7 (Flyball, 6D)
Batting: LHB Juan González 0-0: Swinging Strike
0-1: Ball
1-1: Foul Ball, location: 2F
1-2: Strikes out swinging
Batting: LHB Michael Neely 0-0: Ball
1-0: Called Strike
1-1: SINGLE (Line Drive, 78M)
Batting: LHB Gregory Johnson 0-0: Ground out 4-3 (Groundball, 34)
Top of the 7th over - 0 run(s), 1 hit(s), 0 error(s), 1 left on base; Detroit 2 - Louisville 2
BOTTOM OF THE 7TH
Louisville BC batting - Pitching for Detroit Renaissance : RHP Kuemon Hirata
Batting: RHB Micheal Murdoch 0-0: Ball
1-0: Called Strike
1-1: Swinging Strike
1-2: Foul Ball, location: 2F
1-2: Strikes out looking
Batting: LHB Carroll Martin 0-0: Ground out 4-3 (Groundball, 4M)
Batting: LHB Joram Nelen 0-0: Ball
1-0: Ball
2-0: Ball
3-0: Called Strike
3-1: Swinging Strike
3-2: Strikes out swinging
Bottom of the 7th over - 0 run(s), 0 hit(s), 0 error(s), 0 left on base; Detroit 2 - Louisville 2
TOP OF THE 8TH
Detroit Renaissance batting - Pitching for Louisville BC : RHP Boyd Craig
Batting: LHB Gustavo Cortéz 0-0: Ball
1-0: Called Strike
1-1: Foul Ball, location: 2F
1-2: Ball
2-2: Strikes out swinging
Batting: LHB Tim Waters 0-0: Ball
1-0: Foul Ball, location: 2F
1-1: Foul Ball, location: 2F
1-2: Ball
2-2: Foul Ball, location: 2F
2-2: Ball
3-2: Reached on error, E5 (Groundball, 56)
Batting: RHB Eric D'Angle 0-0: Foul Ball, location: 2F
0-1: Grounds into double play, 3-6-3 (Groundball, 3)
Top of the 8th over - 0 run(s), 0 hit(s), 1 error(s), 0 left on base; Detroit 2 - Louisville 2
BOTTOM OF THE 8TH
Louisville BC batting - Pitching for Detroit Renaissance : RHP Kuemon Hirata
Pitching: RHP Rafael García
Batting: RHB Andrés Rodríguez 0-0: Ball
1-0: Called Strike
1-1: Foul Ball, location: 2F
1-2: Ball
2-2: Fly out, F9 (Flyball, 89D)
Batting: RHB Chi-ju Zhang 0-0: SINGLE (Groundball, 4MD)
Batting: RHB Aurelio Vázquez 0-0: Ball
1-0: Foul Ball, location: 2F
1-1: Foul Ball, location: 2F
1-2: Strikes out swinging
Chi-ju Zhang steals 2nd base
Batter strikes out.
Batting: LHB Tim Hargrove 0-0: Hit by Pitch
Batting: SHB Chris Williamson 0-0: Fly out, F7 (Flyball, 7D)
Bottom of the 8th over - 0 run(s), 1 hit(s), 0 error(s), 2 left on base; Detroit 2 - Louisville 2
TOP OF THE 9TH
Detroit Renaissance batting - Pitching for Louisville BC : RHP Boyd Craig
Pitching: RHP Austin Stewart
Pinch Hitting: RHB Chandler Bailey 0-0: Ball
1-0: Foul Ball, location: 2F
1-1: Fly out, F7 (Flyball, 78D)
Batting: RHB Bernardo Herrera 0-0: Ball
1-0: Ball
2-0: Ball
3-0: Called Strike
3-1: Base on Balls
Batting: LHB Mike Silver 0-0: Ball
1-0: Swinging Strike
1-1: Ball
2-1: Called Strike
2-2: Strikes out looking
Bernardo Herrera is caught stealing 2nd base
Batter strikes out.
Top of the 9th over - 0 run(s), 0 hit(s), 0 error(s), 0 left on base; Detroit 2 - Louisville 2
BOTTOM OF THE 9TH
Louisville BC batting - Pitching for Detroit Renaissance : RHP Rafael García
Now at SS: Nathan Horton
Batting: LHB Arturo Acevedo 0-0: Ball
1-0: SOLO HOME RUN (Flyball, 89XD), Distance : 407 ft
This league is powered by Out of the Park Baseball, the baseball management simulation game for PC, Mac and Linux
Monday, October 3rd, 2016 - OOTP Baseball 16.9 Build 39